 Dungeon Sprint DCSS version 0.29-a0-323-g050149af67 (webtiles) character file.

Game seed: 3483761100755853558

32 mhtbhm the Poker (level 3, 0/49 HPs)
             Began as a Merfolk Berserker on Apr 10, 2022.
             Was a Believer of Trog.
             Succumbed to Crazy Yiuf's poison
             ... in the Dungeon (Sprint III: "The Ten Rune Challenge").
             The game lasted 00:00:13 (48 turns).

mhtbhm the Poker (Merfolk Berserker)                  Turns: 48, Time: 00:00:14

Health: 0/49       AC:  2    Str: 19    XL:     3   Next: 25%
Magic:  3/3        EV: 13    Int:  6    God:    Trog [**....]
Gold:   12         SH:  0    Dex: 13    Spells: 2/2 levels left

rFire   . . .      SeeInvis .   a - +0 spear
rCold   . . .      Faith    .   (no shield)
rNeg    . . .      Spirit   .   b - +0 animal skin
rPois   .          Reflect  .   (no helmet)
rElec   .          Harm     .   (no cloak)
rCorr   .          Rampage  .   (no gloves)
Will    .....      NoTele   +   (no boots)
Stlth   ..........              (no amulet)
HPRegen 0.16/turn               (no ring)
MPRegen 0.08/turn               (no ring)

@: berserking, lethally poisoned (0 -> -8), very quick
A: (nimble swimmer 2), mertail
a: Renounce Religion, Berserk, Trog's Hand


You were in the Dungeon.
You worshipped Trog.
Trog was pleased with you.
You visited 1 branch You collected 12 gold pieces.

Inventory:

Hand Weapons
 a - a +0 spear (weapon)
Armour
 b - a +0 animal skin (worn)
Scrolls
 h - a scroll of blinking
 i - a scroll of amnesia {unknown}
Potions
 c - a potion of curing
 d - a potion of heal wounds
 e - a potion of haste
 f - 2 potions of magic
 g - a potion of berserk rage


   Skills:
 + Level 5.1 Fighting
 + Level 6.6 Polearms
 + Level 1.9 Armour
 + Level 3.7 Dodging
 + Level 1.0 Stealth


You had 2 spell levels left.
You didn't know any spells.
Your spell library was empty.

Dungeon Overview and Level Annotations

Branches:
Dungeon (1/1)

Altars:


Innate Abilities, Weirdness & Mutations

((You are very nimble when in or above water. (Stealth+, EV+, Speed+++)))
Your lower body shifts to a powerful aquatic tail in water.


Message History

You are too injured to fight recklessly!
You are too injured to fight recklessly!
Unknown command.
You barely miss Crazy Yiuf.
Crazy Yiuf is almost dead.
You barely miss Crazy Yiuf.
Crazy Yiuf is almost dead.
Crazy Yiuf barely misses you.
You completely miss Crazy Yiuf.
Crazy Yiuf is almost dead.
You barely miss Crazy Yiuf.
Crazy Yiuf is almost dead.
Crazy Yiuf hits you with a +2 quarterstaff of chaos.
You are lethally poisoned!
The human hits you.
* * * LOW HITPOINT WARNING * * *
Unknown command.
You puncture Crazy Yiuf!
You kill Crazy Yiuf!
Trog accepts your kill.
* * * LOW HITPOINT WARNING * * *
You feel sick.
Your Fighting skill gained 2 levels and is now at level 5!
Your Polearms skill gained 2 levels and is now at level 6!
Your Stealth skill increases to level 1!
You have reached level 2!
You have reached level 3!
Your experience leads to an increase in your attributes!
Increase (S)trength, (I)ntelligence, or (D)exterity?
You feel stronger. x2
Unknown command.
Unknown command.
You barely miss the human.
* * * LOW HITPOINT WARNING * * *
You feel sick. The human hits you.
* * * LOW HITPOINT WARNING * * *
Unknown command.
You puncture the human!
The human is moderately wounded.
You die...

▓▓▓▓ ▓▓▓▓▓▓ ▓<.#
+....♣ ▓..#
#....♣♣♣
▓#'####......♣
▓.....#....≈.♣♣♣
▓....†#...≈≈♣...
▓.....#.)≈≈≈≈♣..
▓####'#.@≈≈≈≈≈≈♣
▓....†#.≈p≈≈≈≈..
▓.....#.≈≈≈≈≈...
▓.....#.≈≈≈.....
▓'#####.........
▓...............
▓▓▓▓▓▓▓▓▓▓▓▓▓▓▓▓


You could see a human.

Vanquished Creatures
  Crazy Yiuf (D)
  An endoplasm (D)
  3 rats (D)
5 creatures vanquished.

Notes
Turn   | Place    | Note
-------+----------+-------------------------------------------
     0 | D        | mhtbhm the Merfolk Berserker began the quest for the Orb.
     0 | D        | Reached XP level 1. HP: 18/18 MP: 1/1
    12 | D        | Reached ** piety under Trog
    31 | D        | Noticed Crazy Yiuf
    46 | D        | Killed Crazy Yiuf
    47 | D        | Reached skill level 5 in Fighting
    47 | D        | Reached skill level 6 in Polearms
    47 | D        | Reached skill level 1 in Stealth
    47 | D        | Reached XP level 2. HP: 5/27 MP: 2/2
    47 | D        | Reached XP level 3. HP: 6/33 MP: 3/3
    47 | D        | HP: 1/49 [human (4)]
    48 | D        | Succumbed to Crazy Yiuf's poison

Illustrated notes

Levels and vault maps discovered:
D:        dungeon_sprint_mu [sprint_mu_entry_forest, sprint_mu_temple_rooms,
          sprint_mu_d1_horrors, sprint_mu_d2_genie, sprint_mu_d3_branching,
          sprint_mu_orc_legion, sprint_mu_elf_gauntlet, sprint_mu_hive_nellie,
          sprint_mu_lair_fedhas, sprint_mu_vaults_butterflies,
          sprint_mu_slime_circle, sprint_mu_swamp_cave, sprint_mu_snake_twists,
          sprint_mu_blade_basic, sprint_mu_crypt_lich, sprint_mu_tomb_spiral,
          sprint_mu_vestibule_basic, sprint_mu_gehenna_hellfire,
          sprint_mu_dis_giant, sprint_mu_tartarus_statrot,
          sprint_mu_cocytus_islands, sprint_mu_zot1]

Skill      XL: |  1 |
---------------+----+-----
Dodging        | 3 |  3.7
Fighting       | 5 |  5.1
Polearms       | 6 |  6.6
Stealth        | 1 |  1.0
Armour         | |  1.9

Action                   || total
-------------------------++-------
Melee: Spear             ||    20
Invok: Berserk           ||     1
 Stab: Sleeping          ||     2
Dodge: Dodged            ||     3

Table legend: (Time is in decaauts)
 A = Elapsed time spent in this place.
 B = Non-inter-level travel time spent in this place.
 C = Inter-level travel time spent in this place.
 D = Time resting spent in this place.
 E = Time spent auto-exploring this place.
 F = Levels seen in this place.
 G = Mean time per level.
                   A        B        C        D        E       F      G
               +--------+--------+--------+--------+--------+-----+--------+
         Total |     41 |     41 |      0 |      0 |     17 |   1 |   41.0 |
       Dungeon |     41 |     41 |      0 |      0 |     17 |   1 |   41.0 |
               +--------+--------+--------+--------+--------+-----+--------+

Top non-repeatable levels by time:
       D: 41 daAuts
